 Dungeon Crawl Stone Soup version 0.22-a0-422-g9628fc87f1 (webtiles) character file.

117 Kriby the Ducker (level 4, 0/23 HPs)
             Began as a Spriggan Gladiator on May 19, 2018.
             Killed from afar by an orc wizard (10 damage)
             ... with a magic dart
             ... on level 3 of the Dungeon.
             The game lasted 00:01:43 (2736 turns).

Kriby the Ducker (Spriggan Gladiator)               Turns: 2736, Time: 00:01:44

Health: 0/23       AC:  2    Str: 11    XL:     4   Next: 71%
Magic:  5/5        EV: 21    Int: 11    God:
Gold:   140        SH:  0    Dex: 17    Spells: 3/3 levels left

rFire    + . .     SeeInvis +   a - +0 quarterstaff
rCold    . . .     Gourm    .   (shield currently unavailable)
rNeg     . . .     Faith    .   b - +0 robe
rPois    .         Spirit   .   c - +0 hat
rElec    .         Reflect  .   (no cloak)
rCorr    .         Harm     +   (gloves unavailable)
MR       .....                  (boots unavailable)
Stlth    ++........             s - amulet of harm
HPRegen  0.07/turn              f - ring of protection from fire
MPRegen  0.09/turn              o - +2 ring of intelligence

@: very quick
A: very small, unfitting armour, see invisible, herbivore, speed 3, slow
metabolism 2
a: no special abilities


You were on level 3 of the Dungeon.
You were not hungry.

You visited 1 branch of the dungeon, and saw 3 of its levels.

You collected 140 gold pieces.

Inventory:

Hand Weapons
 a - a +0 quarterstaff (weapon)
Missiles
 d - 3 throwing nets (quivered)
Armour
 b - a +0 robe (worn)
 c - a +0 hat (worn)
Jewellery
 f - a ring of protection from fire (left hand)
 o - a +2 ring of intelligence (right hand)
 s - an amulet of harm (around neck)
Wands
 u - a wand of iceblast (16) {@v4}
Scrolls
 h - 2 scrolls of remove curse {unknown}
 j - 3 scrolls of teleportation {unknown}
 l - a scroll of enchant weapon {unknown}
 n - a scroll of random uselessness {unknown}
 p - a scroll of fear {unknown}
 q - a scroll of blinking {unknown}
 r - 2 scrolls of identify {unknown}
 t - a scroll of amnesia {unknown}
 w - a scroll of magic mapping {unknown}
Potions
 e - 2 potions of heal wounds {unknown}
 i - a potion of curing {unknown}
 k - a potion of mutation {unknown}
 m - a potion of cancellation {unknown}
 v - a potion of lignification {unknown}
Comestibles
 g - 7 rations {@e1}


   Skills:
 + Level 2.4 Fighting
 * Level 3.2 Staves
 - Level 2.0 Throwing
 + Level 5.4 Dodging
 + Level 1.1 Evocations


You had 3 spell levels left.
You didn't know any spells.
Your spell library was empty.

Dungeon Overview and Level Annotations

Branches:
Dungeon (3/15)

Altars:
Qazlal
Xom
Zin


Innate Abilities, Weirdness & Mutations

You are very small and have problems with some larger weapons.
You are too small for most types of armour.
You have supernaturally acute eyesight. (SInv)
You are a herbivore.
You cover ground extremely quickly.
You need to consume almost no food.


Message History

The orc wizard is moderately wounded.
The orc wizard completely misses you.
You barely miss the orc wizard.
The orc wizard is moderately wounded.
You hit the orc but do no damage. The orc hits you with a dagger.
The orc wizard mumbles some strange words.
The orc wizard seems to speed up.
You closely miss the orc. The orc wizard misses you.
The orc wizard hits you with a dagger.
You barely miss the orc wizard.
The orc wizard is moderately wounded.
The orc wizard hits you with a dagger.
You hit the orc wizard.
The orc wizard is heavily wounded.
The orc wizard misses you.
You hit the orc wizard.
The orc wizard is heavily wounded.
The orc wizard gestures at you while chanting.
The magic dart hits you!
You die...

#.......# ## #.......#
#.......# #.......#
#####.......#
#.......##### #.###...#
#........ #####.#####
#........ #......)o@#
#........ # #.###.###o#
#........ #.#.###...#o#
#........
#.#.##....#r###...oo...
#......_...o..#...?....
###.#....##.#.g.o.o....
#.#...###.#.#########
#.###.###.#.#
#.........#.#


You could see an orc wizard, 3 orcs and a rat.

Vanquished Creatures
  A crimson imp (D:3)
  2 adders
  2 worms
  3 dart slugs
  2 leopard geckos (D:3)
  An orc (D:3)
  4 ball pythons
  4 goblins (D:1)
  8 hobgoblins
  5 kobolds
  A quokka (D:3)
  A ball python skeleton (D:3)
  6 bats
  A frilled lizard (D:3)
  7 rats
48 creatures vanquished.

Notes
Turn   | Place    | Note
-------+----------+-------------------------------------------
     0 | D:1      | Kriby the Spriggan Gladiator began the quest for the Orb.
     0 | D:1      | Reached XP level 1. HP: 10/10 MP: 2/2
   288 | D:1      | Reached XP level 2. HP: 8/15 MP: 3/3
  1026 | D:2      | Found a faded altar of an unknown god.
  1070 | D:2      | Reached XP level 3. HP: 12/18 MP: 4/4
  1243 | D:2      | Found a glowing silver altar of Zin.
  1653 | D:2      | Reached skill level 5 in Dodging
  2188 | D:3      | Found a shimmering altar of Xom.
  2299 | D:3      | Reached XP level 4. HP: 23/23 MP: 5/5
  2546 | D:3      | Found a stormy altar of Qazlal.
  2588 | D:3      | Reached skill level 1 in Evocations
  2736 | D:3      | Killed from afar by an orc wizard

Vault maps used:
D:1:      minmay_arrival_plants_in_alcoves
D:2:      nicolae_overflow_hidden_temple, chequers_ecumenical_altar_island
D:3:      nicolae_overflow_crystal_walls, xom_butterflies, first_ration,
          hangedman_feature_mirror

Skill      XL: |  1  2  3  4 |
---------------+-------------+-----
Fighting       | 2 |  2.4
Dodging        | 5 |  5.4
Staves         | 3 |  3.2
Evocations     | 1 |  1.1
Throwing       | |  2.0

Action                   |  1- 3 |  4- 6 || total
-------------------------+-------+-------++-------
Melee: Quarterstaff      |   129 |    31 ||   160
Evoke: Wand              |       |     1 ||     1
 Stab: Sleeping          |     2 |       ||     2
Armor: Robe              |    10 |       ||    10
Dodge: Dodged            |   128 |    24 ||   152

Table legend:
 A = Spawn XP
 B = Non-spawn XP
 C = Spawn XP percentage of total XP
 D = Spawn monster count
 E = Non-spawn monster count
 F = Spawn count percentage of total count
 G = Total turns spent on level
                    A         B        C        D         E        F      G
               +---------+---------+-------+---------+---------+-------+---------
         Total |       0 |     168 |   0.0 |       0 |      48 |   0.0 |  2736
               +---------+---------+-------+---------+---------+-------+---------
           D:1 |       0 |      34 |   0.0 |       0 |      19 |   0.0 |   977
           D:2 |       0 |      30 |   0.0 |       0 |       9 |   0.0 |   740
           D:3 |       0 |     104 |   0.0 |       0 |      20 |   0.0 |  1019
               +---------+---------+-------+---------+---------+-------+---------
